← All builds
Tech / Armada / Economy first / OBSERVED BUILD

Standard tech

Rushes T2 factory and Advanced Metal Extractors while supplying T2 constructors to teammates, then transitions into anti-nuke and support units later.

Usually first T2 con to Geo (85%)

#t2 #eco #team support · 762 distinct matches · 108 players · 59% of Armada Tech games · team won 53% of 882 · Recently observed

HOW TO PLAY IT

Key timing: T2 lab by 4:15

  1. Take 3 mex, then wind and a Bot Lab to open eco fast.
  2. Push T2 lab out, aim to pass T2 to air player.
  3. Get first T2 constructor building, prioritize mex upgrades over eco.
  4. Finish Advanced Metal Extractor, keep upgrading team's mex.
  5. Add fus and anti-nuke, keep feeding T2 cons and Umbrella/Citadel to team.

Phase by phase

TYPICAL OF ITS 762 GAMES
  1. 1
  2. 2
  3. 3
  4. 4
PLAY THE OPENING

Follow the example game's first 6:00 step by step: what to build now, what comes next, and where it goes. At 1× it keeps pace with your own game.

  1. 1

    Up to the Bot Lab

    Economy
    • Metal Extractor3Mex
    • Wind Turbine4Wind
    Order
    1. Bot LabBot Lab after 3 mex, 4 winddone ~1:17, middle half 1:13–1:32

    By 1:01 in all: 3 mex · 4 wind

    The example game in this phase · 3 steps
    1. Mex ×3
    2. Wind ×3
    3. Bot LabBot Labdone 1:12 · typical 1:17
  2. 2

    Bot Lab to Advanced Bot Lab

    Economy
    • Metal Extractor1Mex
    • Wind Turbine8Wind
    • Energy Storage1Energy storage
    Order
    1. Advanced Bot LabAdvanced Bot Lab after 4 mex, 12 wind, 3 con turretdone ~4:15, middle half 4:04–4:27
    Builders
    • Construction Turret3 Con turret
    • Lazarus3 Lazarus
    • Construction Bot2 Con bot
    • Construction Bot1 Con bot for allies

    Some games also: converter (36%)

    By 3:19 in all: 4 mex · 12 wind · 1 energy storage · 3 con turret

    The example game in this phase · 21 steps
    1. LazarusLazarus
    2. Wind ×4
    3. LazarusLazarus
    4. Wind ×2
    5. LazarusLazarus
    6. Construction BotCon bot ×2
    7. Construction BotCon botfor Air
    8. Con turret
    9. Construction BotCon bot
    10. Mex
    11. Con turret
    12. LazarusLazarus
    13. Wind
    14. Radar TowerRadar Tower
    15. Wind
    16. Energy storage
    17. Wind
    18. Converter
    19. Wind
    20. Converter ×5
    21. Advanced Bot LabAdvanced Bot Labdone 4:32 · typical 4:15
  3. 3

    Advanced Bot Lab to 5:00

    Economy
    • Wind Turbine2Wind
    Builders
    • Advanced Construction Bot1 T2 con bot for allies

    Some games also: converter (36%)

    By 5:00 in all: 4 mex · 15 wind · 2 converter · 1 energy storage · 3 con turret

    The example game in this phase · 9 steps
    1. Wind
    2. Converter
    3. Wind ×2
    4. Advanced Construction BotT2 con botfor Geo
    5. Converter
    6. Wind
    7. Advanced Construction BotT2 con botfor Air
    8. Wind
    9. Advanced Metal ExtractorT2 mexdone 5:41 · typical 5:29
  4. 4

    5:00 to 10:00

    Economy
    • Wind Turbine44Wind
    • Energy Converter6Converter
    Builders
    • Butler8 Butler
    • Advanced Construction Bot4 T2 con bot for allies
    • Advanced Construction Bot1 T2 con bot

    Some games also: con turret (47%) · Butler for allies (38%)

    By 10:00 in all: 4 mex · 59 wind · 8 converter · 1 energy storage · 3 con turret

    The example game in this phase · 190 steps
    1. Wind
    2. Advanced Metal ExtractorT2 mex ×2
    3. Wind ×5
    4. Advanced Construction BotT2 con botfor Geo sea
    5. Wind
    6. ButlerButler
    7. Wind ×2
    8. ButlerButler
    9. Wind
    10. ButlerButler
    11. Wind
    12. Advanced Metal ExtractorT2 mex
    13. Wind
    14. Advanced Construction BotT2 con botfor Beach sea
    15. Wind
    16. Advanced Construction BotT2 con botfor Pond
    17. Wind ×11
    18. ButlerButler
    19. Wind ×5
    20. ButlerButler
    21. Wind ×3
    22. ButlerButler
    23. Wind ×4
    24. ButlerButler
    25. Wind ×2
    26. ButlerButler
    27. Converter
    28. Wind ×3
    29. ButlerButler
    30. Converter
    31. Wind ×3
    32. Converter
    33. Advanced Construction BotT2 con bot
    34. Converter
    35. Wind
    36. Converter
    37. Wind
    38. Converter
    39. Wind ×2
    40. Converter
    41. Wind ×4
    42. ButlerButler
    43. Wind
    44. Converter ×2
    45. Wind ×4
    46. Converter
    47. ButlerButler
    48. Wind ×2
    49. Converter ×2
    50. Wind ×4
    51. ButlerButler
    52. Converter
    53. Wind ×3
    54. Converter
    55. Wind
    56. Metal storage
    57. Wind ×2
    58. Converter ×2
    59. Wind ×4
    60. Converter
    61. Con turret
    62. Wind ×2
    63. Converter
    64. Wind
    65. Converter
    66. Wind ×3
    67. Converter
    68. Con turret
    69. Wind ×4
    70. Fusion ReactorFusiondone 11:41
    71. Converter
    72. Wind ×3
    73. Con turret
    74. Wind ×3
    75. Converter
    76. Wind
    77. Converter
    78. Wind
    79. Con turret
    80. Wind ×3
    81. Converter
    82. Wind ×5
    83. Converter
    84. Wind ×6
    85. Converter
    86. Wind ×5
    87. Converter
    88. Wind ×7
    89. Converter
    90. Wind ×12
    91. Converter
    92. Wind ×4
    93. Converter
    94. Wind ×5
    95. Converter
    96. TracerTracer
    97. Wind
    98. Converter
    99. Con turret
    100. Wind ×6
    101. Converter
    102. Wind ×2
    103. Converter
    104. Wind ×2
    105. CitadelAnti-nukedone 12:40
    106. Wind
    107. Converter ×2
    108. Wind ×3
    109. Con turret
    110. Wind ×2
    111. Converter
    112. Wind ×3
    113. Converter
    114. Wind ×4
    115. Converter ×2
    116. Wind ×4
    117. Converter
    118. Wind ×5
    119. Converter
    120. Wind ×5
    121. Converter
    122. Wind ×3
    123. Fusion ReactorFusion
    124. Wind ×2
    125. Converter
    126. Wind ×4
    127. Converter
    128. Wind
    129. Converter
    130. Wind ×6
    131. Converter
    132. Wind ×5
    133. Converter ×2
    134. Wind ×4
    135. Converter
    136. Wind ×2
    137. Converter
    138. Wind ×5
    139. Converter ×2
    140. Wind ×4
    141. Converter
    142. Wind ×2
    143. Converter
    144. Wind ×2
    145. Converter
    146. Wind ×3
    147. Converter
    148. Fusion ReactorFusion
    149. Converter
    150. Wind ×5
    151. Converter
    152. Wind ×4
    153. Converter
    154. Wind
    155. Converter
    156. Wind ×5
    157. Converter
    158. Wind ×2
    159. Converter
    160. Wind ×4
    161. Converter
    162. Wind ×3
    163. Converter
    164. Wind ×2
    165. Converter
    166. Wind ×2
    167. Converter
    168. Wind ×3
    169. Converter
    170. Wind ×2
    171. Advanced Fusion ReactorAdvanced Fusion Reactornot finished by 15:00
    172. Wind ×4
    173. Converter
    174. Wind ×5
    175. Con turret ×2
    176. Wind
    177. Con turret
    178. Converter
    179. Wind ×2
    180. Con turret
    181. Wind ×2
    182. Con turret ×2
    183. Wind
    184. Converter
    185. Con turret ×2
    186. Wind ×6
    187. Converter
    188. Wind ×6
    189. Converter
    190. Wind ×4

Counts are medians over the build's games: half of them build more, half fewer. The example game is RitualMurder's (38 OS, 28/09/2026); pick another.

Team trades

IN AT LEAST 30% OF ITS GAMES

You hand over

  • Construction Bot1 Con bot to Airfirst at 2:22 · in 88% of games
  • Advanced Construction Bot5 T2 con bot to Air or Pond or Geo seafirst at 4:46 · in 99% of games
  • Sharpshooter2 Sniper bot to Pondfirst at 5:21 · in 33% of games
  • Butler2 Butler to Geo sea or Beach sea or Pondfirst at 9:04 · in 42% of games

You get

  • Hercules1 Light transport from Airfirst at 4:00 · in 86% of games

How it plays out

Typical game of this build, running totals by minute

Metal produced

020k40k
0:005:0010:0015:00

metal

Enemy metal destroyed

0200400
0:005:0010:0015:00

metal

Own metal lost

0100200300
0:005:0010:0015:00

metal

882 games.

Show as table
ByMetal produced: This buildEnemy metal destroyed: This buildOwn metal lost: This build
1:0038300
2:0091500
3:00164400
4:00315200
5:00486600
6:00581100
7:00723300
8:00907900
9:001125300
10:001358400
11:001641600
12:001998800
13:002377500
14:002754990108
15:0031616324206
WHAT THE NUMBERS SAY

This is the role's baseline and wins slightly more than half its games with a huge metal lead but almost no kills, showing its value is economic not combat.

  • + Produces 31389 metal by 15:00, far above other roles.
  • + Reaches T2 lab and constructor by 4:15-4:33 almost every game.
  • − Barely destroys any enemy metal (400 by 15:00), no combat presence.
  • − Fusion Reactor and anti-nuke only land in 44% of games.
THE EXAMPLE YOU ARE READING

RitualMurder

38.2 OS · 28/09/2026

Open source match ↗

2 received units
1237 metal received · 37266 energy received

Allied construction assistance is unknown. Timings are observations, not a promise of solo reproducibility.

Typical milestones

Bot Lab1:17Middle 50%: 1:13–1:32 · n=882
Advanced Bot Lab4:15Middle 50%: 4:04–4:27 · n=876
Advanced Metal Extractor5:29Middle 50%: 5:06–5:58 · n=880

Played most by

Amrissa100games of this buildSyphos39games of this buildKOT_38games of this buildAdeus34games of this buildTeaner33games of this build